 Dungeon Crawl Stone Soup version 0.19.1 (webtiles) character file.

58 sveltemanboy the Chiller (level 4, -2/32 HPs)
             Began as a Merfolk Ice Elementalist on Dec 20, 2016.
             Slain by a gnoll
             ... wielding a +0 spear
              (6 damage)
             ... on level 2 of the Dungeon.
             The game lasted 00:04:17 (1847 turns).

sveltemanboy the Chiller (Merfolk Ice Elementalist) Turns: 1847, Time: 00:04:18

Health: -2/32      AC:  5    Str: 13    XL:     4   Next: 2%
Magic:  0/7        EV: 13    Int: 15    God:
Gold:   59         SH:  0    Dex: 14    Spells: 2 memorised, 4 levels left

rFire  . . .     SeeInvis .     g - +1 short sword (drain)
rCold  . . .     Gourm    .     a - +0 robe
rNeg   . . .     Faith    .     (no shield)
rPois  .         Spirit   .     (no helmet)
rElec  .         Reflect  .     (no cloak)
rCorr  +         Harm     .     (no gloves)
MR     .....                    i - +2 pair of boots
Stlth  ++........               (no amulet)
                                (no ring)
                                e - ring of resist corrosion (curse)

@: mighty, drained
A: change form in water, swift swim, stealthy swim
a: no special abilities


You were on level 2 of the Dungeon.
You were hungry.

You visited 1 branch of the dungeon, and saw 2 of its levels.

You collected 59 gold pieces.

Inventory:

Hand Weapons
 g - a +1 short sword of draining (weapon)
Armour
 a - a +0 robe (worn)
 i - a +2 pair of boots (worn)
Jewellery
 e - a cursed ring of resist corrosion (left hand)
Scrolls
 d - a scroll of magic mapping {unknown}
 h - 3 scrolls of identify {unknown}
 k - a scroll of immolation {unknown}
 l - a scroll of noise {unknown}
Potions
 f - a potion of might
 n - a potion of cure mutation {unknown}
Books
 b - a book of Frost

   Spells                             Type                      Level
   a - Freeze                         Ice                          1
   b - Throw Frost                    Conjuration/Ice              2
   c - Ozocubu's Armour               Charms/Ice                   3
   d - Throw Icicle                   Conjuration/Ice              4
   e - Summon Ice Beast               Ice/Summoning                4
Comestibles
 c - a bread ration
 j - a meat ration
 o - 2 chunks of flesh


   Skills:
 - Level 1.0 Fighting
 - Level 1.0 Armour
 - Level 2.6 Dodging
 - Level 2.1 Stealth
 - Level 2.0(1.9) Spellcasting
 + Level 0.7 Conjurations
 * Level 4.6 Ice Magic


You had 4 spell levels left.
You knew the following spells:

 Your Spells              Type           Power        Failure   Level  Hunger
a - Freeze                Ice            ###.         3%          1    ##.....
b - Throw Frost           Conj/Ice       #.....       12%         2    ###....


Dungeon Overview and Level Annotations

Branches:
Dungeon (2/15)

Altars:


Message History

The gnoll hits you with a spear.
You hit the gnoll.
The gnoll is heavily wounded.
The gnoll hits you with a spear.
You hit the gnoll.
The gnoll is severely wounded.
The gnoll hits you with a spear!
* * * LOW HITPOINT WARNING * * *
You hit the gnoll but do no damage.
The gnoll is severely wounded.
The gnoll hits you with a spear.
* * * LOW HITPOINT WARNING * * *
You hit the gnoll.
The gnoll is almost dead.
The gnoll barely misses you. The gnoll hits you with a spear.
* * * LOW HITPOINT WARNING * * *
It was a potion of might.
You feel very mighty all of a sudden. The gnoll hits you with a spear.
You die...

#.# #.#
#.# #.#
#.# #.#
#.# #g#
#@#
#.########
#........#
#.#
########.#
#.# #.#
#.# #.#
#.# #.#
#.# #.#
#.# #.#
#.##


You could see a gnoll.

Vanquished Creatures
  2 gnolls (D:2)
  A dart slug (D:1)
  3 leopard geckos (D:1)
  2 giant cockroaches (D:1)
  2 goblins (D:2)
  8 hobgoblins (D:1)
  2 ball pythons
  3 bats (D:1)
  3 frilled lizards (D:1)
  5 kobolds
  3 rats (D:1)
34 creatures vanquished.

Notes
Turn   | Place    | Note
-------+----------+-------------------------------------------
     0 | D:1      | sveltemanboy the Merfolk Ice Elementalist began the quest for the Orb.
     0 | D:1      | Reached XP level 1. HP: 13/13 MP: 3/3
   187 | D:1      | Reached skill level 1 in Fighting
   219 | D:1      | Reached XP level 2. HP: 13/21 MP: 0/5
   277 | D:1      | Learned a level 2 spell: Throw Frost
   732 | D:1      | Reached skill level 4 in Ice Magic
   836 | D:1      | Reached XP level 3. HP: 26/26 MP: 6/6
  1823 | D:2      | Reached skill level 1 in Armour
  1823 | D:2      | Reached XP level 4. HP: 21/32 MP: 0/7
  1847 | D:2      | Slain by a gnoll

Skill      XL: |  1  2  3 |
---------------+----------+-----
Fighting       | 1 |  1.0
Ice Magic      | 4 |  4.6
Armour         | 1 |  1.0
Dodging        | |  2.6
Stealth        | |  2.1
Spellcasting   | |  2.0
Conjurations   | |  0.7

Action                   |  1- 3 |  4- 6 || total
-------------------------+-------+-------++-------
Melee: Short sword       |    70 |     4 ||    74
 Cast: Freeze            |    13 |       ||    13
       Throw Frost       |     3 |     1 ||     4
  Use: Potion            |       |     1 ||     1
 Stab: Sleeping          |     1 |       ||     1
       Distracted        |     1 |       ||     1
  Eat: Chunk             |     3 |       ||     3
Armor: Robe              |     9 |       ||     9
Dodge: Dodged            |    40 |     1 ||    41
